 Dungeon Crawl Stone Soup version 0.23-a0-489-g205b0b6 (webtiles) character file.

55 MisterFreud the Sneak (level 3, 0/16 HPs)
             Began as a Felid Warper on Dec 2, 2018.
             Hit by a goblin thrown by Robin (3 damage)
             ... on level 2 of the Dungeon.
             The game lasted 00:05:14 (2078 turns).

MisterFreud the Sneak (Felid Warper)                Turns: 2078, Time: 00:05:15

Health: 0/16       AC:  1    Str: 12    XL:     3   Next: 67%
Magic:  2/7        EV: 15    Int: 15    God:
Gold:   61         SH:  0    Dex: 15    Spells: 2/6 levels left
                                        Lives:  0   Deaths: 0

rFire    . . .     SeeInvis +     - Unarmed
rCold    . . .     Gourm    +   (shield unavailable)
rNeg     . . .     Faith    .   (armour unavailable)
rPois    .         Spirit   .   (helmet unavailable)
rElec    .         Reflect  .   (cloak unavailable)
rCorr    .         Harm     .   (gloves unavailable)
MR       .....                  (boots unavailable)
Stlth    +++.......             h - amulet of the gourmand
HPRegen  0.05/turn              (no ring)
MPRegen  0.10/turn              (no ring)

@: mighty, lethally poisoned (0 -> -2), constricted, quick
A: very small, no armour, no weapons or thrown items, stealth, claws 1, fangs 3,
see invisible, carnivore, speed 1, shaggy fur 1, slow metabolism 1, sharp paws
a: no special abilities


You were on level 2 of the Dungeon.
You were completely stuffed.

You visited 1 branch of the dungeon, and saw 2 of its levels.

You collected 61 gold pieces.

Inventory:

Jewellery
 h - an amulet of the gourmand (around neck)
Scrolls
 b - 2 scrolls of blinking
 e - a scroll of fear
Potions
 a - a potion of agility {unknown}
 d - a potion of flight {unknown}
 f - 2 potions of curing {unknown}
 g - 2 potions of might
Comestibles
 c - 4 rations


   Skills:
 - Level 2.0 Fighting
 - Level 3.2 Dodging
 + Level 5.0 Stealth
 - Level 2.0 Unarmed Combat
 - Level 2.0 Spellcasting
 - Level 4.4 Translocations


You had 2 spell levels left.
You knew the following spells:

 Your Spells              Type           Power        Failure   Level  Hunger
a - Blink                 Tloc           N/A          5%          2    ###....
b - Shroud of Golubria    Chrm/Tloc      #.........   14%         2    ###....

Your spell library contained the following spells:

 Spells                   Type           Power        Failure   Level  Hunger
 Gell's Gravitas          Tloc           ##........   11%         3    ###....
 Lesser Beckoning         Tloc           ##........   11%         3    ###....
 Teleport Other           Tloc           ##......     11%         3    ###....
 Passage of Golubria      Tloc           N/A          36%         4    #####..


Dungeon Overview and Level Annotations

Branches:
Dungeon (2/15)

Altars:

Annotations:
D:2 Natasha, Robin


Innate Abilities, Weirdness & Mutations

You cannot wear armour.
You are incapable of wielding weapons or throwing items.
Your paws allow you to move quietly. (Stealth)
You have sharp claws.
You have razor-sharp teeth.
You have supernaturally acute eyesight. (SInv)
You are carnivorous and can eat meat at any time.
You cover ground quickly.
You are covered in fur. (AC +1)
You have a slow metabolism.
Your sharp claws are effective at attacking unaware monsters.


Message History

You feel sick.
The goblin no longer looks unusually strong.
Natasha wildly gestures.
Natasha shimmers violently.
Natasha mumbles some strange words.
Robin throws the goblin at you!
* * * LOW HITPOINT WARNING * * *
The crimson imp shouts!
You barely miss the goblin. The goblin misses you.
Robin roars a battlecry!
The goblin goes into a battle-frenzy!
It was a potion of might.
You feel very mighty all of a sudden.
The crimson imp blinks!
The ball python completely misses you. The ball python grabs you.
* * * LOW HITPOINT WARNING * * *
The ball python constricts you. The goblin closely misses you.
Robin says, "My army is invincible!"
Robin throws the goblin at you!
You die...

####..........##.#### #
#.(.....#.....#..#
..##......##...##..#
..(...####...##..#
.#....#≈####..(..#
.#.#....#≈≈≈####)#.#
g......<###≈≈# #)#.##
#.#.....(.#≈≈###g#..#
##.#..###..≈≈≈.S@.##.#
......###.≈.≈≈...g##.##
...........≈≈≈5....#..#
.....###.(..5≈.....##.#
............g≈≈.[...#.#
#S..#....§h≈†.....)#.#
#.###......≈≈........###
#)###...5..≈≈.....#....#
##.hg..##≈..≈..≈...###..###


You could see 2 iron imps, Robin, Natasha, a crimson imp, 2 goblins and a ball
python.

Vanquished Creatures
  An adder (D:2)
  2 dart slugs (D:1)
  3 leopard geckos (D:1)
  2 bats (D:2)
  3 giant cockroaches
  4 hobgoblins
  6 jackals (D:1)
  3 kobolds
  A quokka (D:2)
  A ball python (D:1)
  6 goblins
  2 rats (D:1)
34 creatures vanquished.

Notes
Turn   | Place    | Note
-------+----------+-------------------------------------------
     0 | D:1      | MisterFreud the Felid Warper began the quest for the Orb.
     0 | D:1      | Reached XP level 1. HP: 9/9 MP: 4/4
    70 | D:1      | Reached skill level 1 in Stealth
   301 | D:1      | Reached skill level 2 in Stealth
   364 | D:1      | Reached XP level 2. HP: 13/13 MP: 6/6
   391 | D:1      | Learned a level 2 spell: Blink
   394 | D:1      | Learned a level 2 spell: Shroud of Golubria
   432 | D:1      | Reached skill level 3 in Stealth
  1396 | D:1      | Reached skill level 4 in Stealth
  1396 | D:1      | Reached XP level 3. HP: 16/16 MP: 4/7
  1410 | D:2      | Noticed Robin
  2052 | D:2      | Noticed Natasha
  2072 | D:2      | Reached skill level 5 in Stealth
  2078 | D:2      | Hit by a goblin thrown by Robin

Vault maps used:
D:1:      dpeg_arrival_erosion, serial_forest, infiniplex_forest_clump_curved,
          infiniplex_forest_straight_3, infiniplex_forest_clump_medium,
          infiniplex_forest_clump_small, infiniplex_forest_join
D:2:      serial_rivers, chequers_serial_rivers_small_b,
          chequers_serial_rivers_large_b, chequers_serial_rivers_room_b,
          chequers_serial_rivers_small_3, first_ration, uniq_natasha, uniq_robin

Skill      XL: |  1  2  3 |
---------------+----------+-----
Stealth        | 2 4 5 |  5.0
Fighting       | |  2.0
Dodging        | |  3.2
Unarmed Combat | |  2.0
Spellcasting   | |  2.0
Translocations | |  4.4

Action                   || total
-------------------------++-------
Melee: Unarmed           ||   127
       Bite              ||    10
 Cast: Shroud of Golubri ||    19
       Blink             ||     2
  Use: Scroll            ||     3
       Potion            ||     1
 Stab: Sleeping          ||     7
  Eat: Chunk             ||    11
Armor: Skin              ||     3
Dodge: Dodged            ||   130

Table legend:
 A = Non-vault XP
 B = Vault XP
 C = Vault XP percentage of total XP
 D = Non-vault monster count
 E = Vault monster count
 F = Vault count percentage of total count
                 A         B        C        D         E       F
            +---------+---------+-------+---------+---------+-------
      Total |      63 |      16 |  20.3 |      26 |       8 |  23.5
            +---------+---------+-------+---------+---------+-------
        D:1 |      42 |       2 |   4.5 |      20 |       1 |   4.8
        D:2 |      21 |      14 |  40.0 |       6 |       7 |  53.8
            +---------+---------+-------+---------+---------+-------
